 Dungeon Crawl Stone Soup version 0.18.1-50-g88ac8fd (webtiles) character file.

979 Monkfish the Covert (level 8, 0/51 HPs)
             Began as a Kobold Berserker on Oct 23, 2016.
             Was a Priest of Trog.
             Slain by a worker ant (5 damage)
             ... on level 6 of the Dungeon.
             The game lasted 00:07:01 (4476 turns).

Monkfish the Covert (Kobold Berserker)              Turns: 4476, Time: 00:07:02

Health: 0/51       AC:  6    Str: 21    XL:     8   Next: 40%
Magic:  8/8        EV: 14    Int:  5    God:    Trog [***...]
Gold:   127        SH:  0    Dex: 18    Spells: 0 memorised, 7 levels left

rFire  . . .     SeeInvis +     a - +1 short sword
rCold  . . .     Gourm    .     i - +1 ring mail of a Hundred Places {Str+4} (curse)
rNeg   . . .     Faith    .     (shield restricted)
rPois  .         Spirit   .     (no helmet)
rElec  .         Dismiss  .     (no cloak)
rCorr  .         Reflect  .     (no gloves)
SustAt .         Harm     .     (no boots)
MR     ++...                    (no amulet)
Stlth  ++++......               l - +2 ring of dexterity
                                h - ring of see invisible

@: exhausted, regenerating, very resistant to hostile enchantments, stealthy
A: carnivore 3
a: Berserk, Trog's Hand, Burn Spellbooks, Renounce Religion


You were on level 6 of the Dungeon.
You worshipped Trog.
Trog was most pleased with you.
You were not hungry.

You visited 1 branch of the dungeon, and saw 6 of its levels.

You collected 127 gold pieces.

Inventory:

Hand Weapons
 a - a +1 short sword (weapon)
Armour
 i - the cursed +1 ring mail of a Hundred Places (worn) {Str+4}
   (You found it on level 6 of the Dungeon)

   It affects your strength (+4).
   It has a curse placed upon it.
Jewellery
 h - a ring of see invisible (left hand)
 l - a +2 ring of dexterity (right hand)
Scrolls
 e - 4 scrolls of identify
 f - 3 scrolls of remove curse
 k - a scroll of magic mapping {unknown}
 n - a scroll of fear
Potions
 b - 2 potions of flight
 g - a potion of curing
 j - a potion of heal wounds {unknown}
Comestibles
 c - 2 meat rations
 d - 2 beef jerkies


   Skills:
 + Level 6.2 Fighting
 + Level 7.7 Short Blades
 - Level 1.5 Armour
 - Level 2.4 Dodging
 * Level 8.3 Stealth


You had 7 spell levels left.
You didn't know any spells.

Dungeon Overview and Level Annotations

Branches:
Dungeon (6/15)
 Temple: D:4-7

Altars:
Elyvilon
Nemelex Xobeh
Vehumet

Shops:
D:4 ?:(

Annotations:
D:5 lorenzova's ghost, novice DECj


Innate Abilities, Weirdness & Mutations

You are small and have problems with some larger weapons.
You are carnivorous and can eat meat at any time.


Message History

The worker ant bites you.
* * * LOW HITPOINT WARNING * * *
The worker ant closely misses you. The worker ant bites you.
* * * LOW HITPOINT WARNING * * *
Your skin crawls.
You feel resistant to hostile enchantments.
You feel slightly more hungry. The giant cockroach barely misses you.
The worker ant closely misses you.
The worker ant bites you but does no damage.
The worker ant misses you. The giant cockroach closely misses you.
The worker ant misses you.
The worker ant bites you but does no damage.
The giant cockroach closely misses you. The worker ant bites you.
* * * LOW HITPOINT WARNING * * *
You feel yourself speed up.
The giant cockroach completely misses you.
The giant cockroach bites you.
* * * LOW HITPOINT WARNING * * *
The giant cockroach barely misses you. The worker ant bites you.
You die...

##### ..$#
....########s########
....#...............#
....#.......as......#
....#....#######....#
....#....#†....#....#
....#....'..)..'as..#
....#....#†....#as..#
....#....#######@s..#
....#b...........s..#
....#...............#
....########'########
.........###....### .
......###......#..#..
...#####.......#.....
..## #...........#...
..# #..#............


You could see 2 worker ants and 4 giant cockroaches.

Vanquished Creatures
  A sky beast (D:5)
  2 orc warriors
  A black bear (D:4)
  A howler monkey (D:5)
  3 crimson imps (D:5)
  A centaur zombie (D:6)
  A hound (D:4)
  A giant frog skeleton (D:5)
  Terence (D:2)
  An iguana (D:5)
  6 worker ants
  A mummy (D:5)
  8 adders
  2 oozes
  A worm (D:2)
  2 dart slugs (D:2)
  3 giant geckos
  8 orcs
  A ball python (D:2)
  8 bats
  3 giant cockroaches
  3 hobgoblins
  9 jackals
  9 kobolds
  6 giant newts
  5 goblins
  2 hobgoblin zombies (D:5)
  8 rats
98 creatures vanquished.

Notes
Turn   | Place    | Note
--------------------------------------------------------------
     0 | D:1      | Monkfish the Kobold Berserker began the quest for the Orb.
     0 | D:1      | Reached XP level 1. HP: 14/14 MP: 1/1
   264 | D:1      | Reached XP level 2. HP: 14/19 MP: 2/2
   815 | D:2      | Reached XP level 3. HP: 22/24 MP: 3/3
   892 | D:2      | Reached ** piety under Trog
   892 | D:2      | Reached skill level 1 in Stealth
   992 | D:2      | Reached XP level 4. HP: 22/29 MP: 4/4
  1017 | D:2      | Reached skill level 2 in Stealth
  1431 | D:2      | Noticed Terence
  1444 | D:2      | Killed Terence
  1444 | D:2      | Reached skill level 5 in Short Blades
  1633 | D:2      | Reached skill level 3 in Stealth
  1696 | D:2      | Found a radiant altar of Vehumet.
  1787 | D:2      | Reached XP level 5. HP: 29/34 MP: 5/5
  2180 | D:3      | Found a faded altar to an unknown god.
  2367 | D:3      | Noticed an orc warrior
  2385 | D:3      | Killed an orc warrior
  2385 | D:3      | Reached skill level 5 in Stealth
  2385 | D:3      | Reached XP level 6. HP: 40/40 MP: 6/6
  2621 | D:4      | Reached *** piety under Trog
  2675 | D:4      | Found Zewas's Book Shop.
  2767 | D:4      | Reached skill level 5 in Fighting
  2936 | D:4      | Found a sparkling altar of Nemelex Xobeh.
  2936 | D:4      | Noticed a black bear
  2942 | D:4      | Killed a black bear
  2942 | D:4      | Reached skill level 6 in Stealth
  2942 | D:4      | Reached XP level 7. HP: 44/44 MP: 7/7
  3016 | D:4      | Found a white marble altar of Elyvilon.
  3098 | D:4      | Found Zotwi's Weapon Shop.
  3159 | D:4      | Found Fodic's Magic Scroll Shoppe.
  3443 | D:5      | Entered Level 5 of the Dungeon
  3491 | D:5      | Reached skill level 7 in Stealth
  3808 | D:5      | Reached XP level 8. HP: 28/50 MP: 8/8
  3844 | D:5      | Noticed lorenzova's ghost (novice DECj)
  4161 | D:6      | Got a pitted ring mail
  4166 | D:6      | Identified the cursed +1 ring mail of a Hundred Places {Str+4} (You found it on level 6 of the Dungeon)
  4222 | D:6      | Reached skill level 8 in Stealth
  4424 | D:6      | Found a runed door.
  4432 | D:6      | Found a runed door.
  4476 | D:6      | Slain by a worker ant

Skill      XL: |  1  2  3  4  5  6  7  8 |
---------------+-------------------------+-----
Fighting       | 4 5 6 |  6.2
Stealth        | 1 3 5 6 7 8 |  8.3
Short Blades   | 5 6 7 |  7.7
Armour         | |  1.5
Dodging        | |  2.4

Action                   |  1- 3 |  4- 6 |  7- 9 || total
-------------------------+-------+-------+-------++-------
Melee: Short sword       |    70 |   155 |   180 ||   405
Invok: Berserk           |       |     3 |     4 ||     7
       Trog's Hand       |       |     2 |     3 ||     5
       Burn Spellbooks   |       |       |     1 ||     1
  Use: Potion            |     3 |     2 |     1 ||     6
       Scroll            |       |     8 |     4 ||    12
 Stab: Sleeping          |     6 |    10 |     1 ||    17
  Eat: Chunk             |     6 |     2 |     7 ||    15
       Meat ration       |       |       |     1 ||     1
Armor: Animal skin       |     6 |    18 |    12 ||    36
       Ring mail         |       |       |    19 ||    19
Dodge: Dodged            |    62 |    99 |   139 ||   300
